Map: King's Cove LE

Players

JonSnow

  • Race: Zerg Zerg
  • League: Grandmaster
  • Spawn Location: 11:00

ROGMeomaika (MeomaikA) - Winner!

  • Race: Zerg Zerg
  • League: Master
  • Spawn Location: 5:00

Event: 2019 WCS Winter Americas

VOD

Have the link to the VOD?

Description

Time

  • Played on: Feb. 8, 2019, 2:27 p.m.
  • Length: 9:49

All games in this series

Show
View Real Time Build Order
Export as new Build Order

JonSnow Zerg 

Build Orders: Hatch First 

Get SALT Encoding   

  12  0:00  Drone  
  13  0:13  Overlord  
  13  0:18  Drone  
  14  0:31  Drone x2  
  16  0:50  Hatchery  
  16  0:53  Drone  
  16  0:56  Drone  
  17  1:01  Drone  
  18  1:11  Extractor  
  17  1:17  Spawning Pool  
  16  1:20  Drone  
  16  1:24  Drone  
  18  1:29  Drone  
  19  1:39  Drone  
  20  1:53  Overlord  
  20  2:05  Queen x2  
  20  2:06  Zergling x4  
  26  2:11  Metabolic Boost  
  26  2:23  Drone x3  
  29  2:35  Drone x3  
  32  2:43  Drone  
  33  2:44  Queen  
  35  2:55  Baneling Nest  
  34  3:04  Hatchery  
  33  3:06  Overlord  
  33  3:10  Zergling x2  
  33  3:11  Zergling x2  
  35  3:16  Zergling x2  
  36  3:31  Overlord  
  35  3:38  Baneling x2  
  35  3:44  Baneling x2  
  35  3:50  Zergling x2  
  35  3:51  Zergling x10  
  41  3:56  Baneling x2  
  41  4:04  Zergling x6  
  42  4:21  Drone  
  42  4:22  Drone x2  
  43  4:30  Overlord  
  43  4:37  Evolution Chamber  
  43  4:38  Hatchery  
  41  4:39  Drone x2  
  41  4:40  Overlord  
  41  4:42  Overlord  
  41  4:43  Overlord  
  43  4:50  Drone  
  44  4:56  Drone x5  
  44  4:58  Baneling  
  49  5:08  Roach Warren  
  49  5:09  Drone x2  
  46  5:14  Drone x2  
  46  5:19  Extractor  
  46  5:21  Zerg Missile Weapons Level 1  
  46  5:29  Overlord  
  44  5:48  Extractor  
  47  5:50  Roach x3  
  47  5:52  Drone  
  47  5:53  Queen, Drone x8  
  59  5:58  Roach  
  59  6:01  Roach  
  63  6:04  Roach  
  63  6:06  Baneling x2  
  63  6:07  Roach  
  67  6:13  Roach x2  
  67  6:17  Roach  
  68  6:27  Roach x3  
  68  6:29  Roach  
  68  6:30  Zergling x2  
  75  6:35  Roach x2  
  79  6:42  Roach x2  
  79  6:44  Overlord  
  83  6:50  Overlord  
  83  6:58  Lair  
  83  7:05  Overlord  
  83  7:08  Hatchery  
  82  7:10  Overlord  
  82  7:12  Drone  
  83  7:16  Overlord  
  83  7:21  Roach x4  
  90  7:26  Drone  
  91  7:32  Roach x4  
  99  7:38  Queen  
  99  7:41  Drone  
  99  7:42  Drone  
  100  7:47  Drone x3  
  103  7:52  Overlord  
  103  7:59  Overseer  
  103  8:02  Drone x2  
  103  8:03  Drone  
  106  8:06  Glial Reconstitution  
  106  8:13  Roach  
  106  8:14  Roach  
  107  8:22  Roach  
  107  8:23  Roach x2  
  113  8:28  Roach  
  109  8:35  Roach x2  
  109  8:39  Roach  
  96  8:42  Roach  
  96  8:45  Roach  
  87  8:53  Roach x3  
  87  8:54  Roach  
  88  8:57  Roach  
  88  9:01  Ravager  
  91  9:03  Roach x2  
  95  9:12  Roach x3  
  95  9:15  Roach  
  103  9:21  Roach x2  
Show
View Real Time Build Order
Export as new Build Order

ROGMeomaika Zerg - Winner!

Build Orders: Pool First 

Get SALT Encoding   

  12  0:01  Drone  
  13  0:08  Drone  
  14  0:17  Overlord  
  14  0:23  Extractor  
  14  0:24  Drone  
  15  0:36  Drone x2  
  17  0:45  Spawning Pool  
  17  0:49  Drone  
  17  1:10  Hatchery  
  16  1:12  Drone  
  16  1:14  Extractor  
  16  1:17  Drone  
  17  1:32  Zergling x4  
  19  1:33  Queen  
  19  1:38  Drone  
  22  1:48  Overlord  
  22  2:07  Drone  
  23  2:09  Queen  
  23  2:10  Drone  
  26  2:20  Metabolic Boost  
  26  2:22  Queen  
  28  2:25  Drone  
  28  2:29  Drone  
  30  2:33  Drone  
  30  2:34  Drone  
  32  2:41  Drone x2  
  34  2:45  Drone  
  34  2:49  Drone  
  36  2:53  Overlord  
  36  3:02  Baneling Nest  
  36  3:03  Zergling x2  
  36  3:18  Zergling x2  
  36  3:19  Zergling x12  
  43  3:29  Overlord x2  
  43  3:48  Zergling x2  
  43  3:49  Zergling x6  
  43  3:53  Baneling x2  
  43  3:54  Zergling x2  
  48  4:01  Hatchery, Drone x3  
  49  4:03  Drone  
  49  4:06  Drone  
  49  4:09  Drone  
  51  4:22  Drone x2  
  51  4:23  Overlord  
  51  4:25  Extractor  
  51  4:27  Zergling x2  
  51  4:29  Baneling x4  
  51  4:35  Roach Warren, Drone  
  51  4:42  Zergling x2  
  52  4:47  Drone x4  
  52  4:49  Drone  
  57  4:57  Drone  
  58  5:05  Zergling x2  
  58  5:06  Zergling x2  
  59  5:08  Zergling x2  
  59  5:11  Zergling x2  
  59  5:12  Zergling x6  
  58  5:17  Roach x2  
  58  5:20  Roach  
  62  5:25  Roach  
  62  5:27  Lair, Roach  
  65  5:30  Overlord x2  
  65  5:39  Roach  
  66  5:46  Overlord x2  
  66  5:50  Baneling x6  
  66  5:51  Baneling x5  
  65  5:59  Zergling x4  
  65  6:00  Zergling x12  
  65  6:01  Zergling x2  
  65  6:03  Zergling x2  
  75  6:07  Zergling x4  
  75  6:10  Zergling x2  
  79  6:11  Zergling x4  
  79  6:14  Zergling x2  
  79  6:15  Zergling x2  
  78  6:21  Zergling x8  
  78  6:26  Zergling x6  
  78  6:28  Zergling x2  
  78  6:30  Zergling x2  
  78  6:32  Zergling x2  
  84  6:36  Zergling x4  
  84  6:37  Zergling x2  
  86  6:47  Drone x6  
  82  6:49  Glial Reconstitution  
  87  6:55  Roach x2  
  87  6:58  Roach  
  87  7:00  Roach  
  95  7:02  Roach  
  95  7:07  Roach, Extractor  
  98  7:11  Overlord x2  
  98  7:17  Overlord x2  
  97  7:33  Roach  
  97  7:34  Roach x6  
  109  7:38  Roach x2  
  109  7:40  Roach  
  110  7:44  Roach  
  110  7:45  Roach  
  110  7:48  Roach  
  116  7:52  Roach x2  
  116  7:54  Drone  
  116  7:55  Drone  
  122  7:59  Drone x3  
  125  8:10  Roach x3  
  129  8:20  Roach, Overlord x3  
  129  8:26  Extractor  
  128  8:27  Extractor  
  128  8:28  Roach x2  
  128  8:33  Roach x2  
  128  8:34  Roach  
  128  8:36  Roach  
  128  8:37  Roach x2  
  121  8:42  Roach x2  
  121  8:44  Roach  
  121  8:46  Roach  
  123  8:48  Roach  
  123  8:53  Roach  
  123  8:54  Roach  
  119  8:56  Drone x2  
  121  9:04  Ravager x3  
  121  9:07  Zergling x8  
  121  9:09  Ravager  
  129  9:11  Zergling x2  
  129  9:12  Zergling x2  
  129  9:15  Drone x2  
  133  9:19  Roach  
  133  9:21  Roach  
  133  9:23  Roach  
  139  9:26  Roach  
  139  9:30  Roach x2  
Tags
 
Add a new tag
Caveats
  • Supply blocks, unpowered buildings, or Contaminate may cause inaccurate times.
  • Supply counts are checked every 10 seconds.